 Dungeon Crawl Stone Soup version 0.29-a0-231-g945431f764 (webtiles) character file.

Game seed: 7173489731201804337

2918 enile the Thaumaturge (level 10, -14/105 HPs)
             Began as a Djinni Ice Elementalist on Feb 28, 2022.
             Was a Priest of Makhleb.
             Demolished by a swamp worm (21 damage)
             ... on level 8 of the Dungeon.
             The game lasted 00:21:15 (10948 turns).

enile the Thaumaturge (Djinni Ice Elementalist)    Turns: 10948, Time: 00:21:16

Health: -14/105    AC:  2    Str: 13    XL:     10   Next: 6%
Gold:   513        EV: 17    Int: 24    God:    Makhleb [***...] SH:  0 Dex: 13

rFire   + + .      SeeInvis .   q - +0 triple sword
rCold   x . .      Faith    .   (shield currently unavailable)
rNeg    . . .      Spirit   .   a - +0 robe
rPois   ∞          Reflect  .   (no helmet)
rElec   .          Harm     .   (no cloak)
rCorr   .          Rampage  .   (no gloves)
Will    +....                   (boots unavailable)
Stlth   ..........              (no amulet)
HPRegen 0.27/turn               l - +4 ring of evasion
MPRegen 0.00/turn               r - +6 ring of strength

@: berserking, flying, very quick
A: sickness immunity, fire resistance 2, cold vulnerability 1, float, innate
caster, HP casting, extra vitality 1, clever 1, screaming 1
a: Renounce Religion, Minor Destruction, Lesser Servant of Makhleb


You were on level 8 of the Dungeon.
You worshipped Makhleb.
Makhleb was most pleased with you.
You visited 1 branch of the dungeon, and saw 9 of its levels.

You collected 513 gold pieces.

Inventory:

Hand Weapons
 g - a +0 dagger
 k - a +0 flail
 o - a +2 whip of flaming
 q - a +0 triple sword (weapon)
Armour
 a - a +0 robe (worn)
 b - an orb of guile
 v - the +1 scale mail of the Dungeon {rF+ rC+ rN+}
   (You found it on level 4 of the Dungeon)

   rF:        It protects you from fire.
   rC:        It protects you from cold.
   rN:        It protects you from negative energy.
 w - a +0 cloak
 y - +0 acid dragon scales
Magical Staves
 m - a staff of earth
 x - a staff of poison
Jewellery
 l - a +4 ring of evasion (left hand)
 r - a +6 ring of strength (right hand)
Wands
 c - a wand of paralysis (8) (quivered)
 z - a wand of flame (19)
Scrolls
 i - a scroll of summoning
 j - a scroll of enchant armour
 p - a scroll of immolation
 u - 2 scrolls of vulnerability
 A - a scroll of amnesia
 B - 2 scrolls of identify
Potions
 d - a potion of curing
 f - 3 potions of flight {unknown}
 h - 2 potions of might {unknown}
 s - 3 potions of heal wounds {unknown}
 t - 3 potions of lignification {unknown}


   Skills:
 + Level 5.3 Fighting
 - Level 3.0 Long Blades
 - Level 5.0 Dodging
 - Level 1.5 Stealth
 - Level 8.0 Spellcasting
 - Level 5.0 Invocations


You had 5 spell levels left.
You knew the following spells:

 Your Spells              Type           Power      Damage    Failure   Level
a - Freeze                Ice            100%       1d11      1%          1
b - Frozen Ramparts       Ice            96%        1d11      1%          3
c - Ozocubu's Armour      Ice            48%        N/A       1%          3
d - Hailstorm             Conj/Ice       48%        3d11      2%          4
e - Apportation           Tloc           96%        N/A       1%          1
f - Wereblood             Tmut           48%        N/A       1%          2
g - Inner Flame           Hex/Fire       48%        N/A       1%          3
h - Lesser Beckoning      Tloc           48%        N/A       1%          3
Your spell library was empty.

Dungeon Overview and Level Annotations

Branches:
Dungeon (9/15)             Temple (0/1) D:5
   Lair: D:8-11         Orc: D:9-12

Altars:
Ashenzari
Makhleb

Annotations:
D:3 Grinder
D:7 dig ice b


Innate Abilities, Weirdness & Mutations

You are immune to sickness and miasma.
You are immune to poison.
Your flesh is very heat resistant. (rF++)
You are vulnerable to cold. (rC-)
You float through the air rather than walking.
You learn spells naturally, not from books.
Your magical power is your life essence.
You have superior vitality. (+4 MHP)
Your mind is acute. (Int +2)
You occasionally shout uncontrollably at your foes.


Message History

You are yanked forward by the harpoon shot.
You closely miss the swamp worm. The swamp worm bites you! x2
Aiming: Paralyse
Press: ? - help, Q - select action, (/) - cycle Shift-Dir - straight line, f - swamp worm
Aim: a swamp worm (chance to affect: 57%)
The swamp worm resists with significant effort.
The orc priest shouts!
The swamp worm bites you! x2
* * * LOW HITPOINT WARNING * * *
You feel better. The swamp worm completely misses you.
A demon appears!
The swamp worm misses you.
You feel better. The swamp worm bites you!
* * * LOW HITPOINT WARNING * * *
Your hellwing swoops through the air toward the swamp worm!
Your hellwing hits the swamp worm.
Your hellwing closely misses the swamp worm.
You feel better. The swamp worm barely misses you.
Your hellwing barely misses the swamp worm. x2
Okay, then.
The orc priest calls down the wrath of Beogh upon you.
Beogh smites you!
* * * LOW HITPOINT WARNING * * *
Things that are here:
4 poisoned darts; a +0 club You feel better.
The swamp worm bites you.
* * * LOW HITPOINT WARNING * * *
Your hellwing hits the swamp worm! Your hellwing hits the swamp worm.
The orc priest hits something but does no damage.
Things that are here:
5 stones; a +0 club; a kobold skeleton
Okay, then.
A red film seems to cover your vision as you go berserk!
You feel yourself moving faster!
You feel mighty! The swamp worm misses you. The swamp worm bites you!
* * * LOW HITPOINT WARNING * * *
The orc priest hits something but does no damage.
You barely miss the swamp worm.
The swamp worm is moderately wounded.
The swamp worm bites you!!
You die...

#...#................#
#...#................'
#)[.#................#
#[)[#................# ####
#[))#..............#
...###[#####>......)....##
......))...+...............
.....................#.....
...###.....###..@)(..+ ....
.#.#####_#####.##w...# !.#
.#.###.....###...o..#.....#
................4...#.....$
.#.#.#...#.....<....#...##
+#+#................# ..#
.........≈≈≈≈≈......# .#
........≈≈≈≈≈≈≈........
......≈≈≈≈###≈≈≈≈.......


You could see a swamp worm and an orc priest.

Vanquished Creatures
  Pikel (D:6)
  Menkaure (D:6)
  A swamp worm (D:8)
  2 ice beasts
  3 orc warriors (D:8)
  A sky beast (D:6)
  2 ogres
  A phantom (D:7)
  4 lemures (D:6)
  2 kobold brigands
  2 bullfrogs (D:7)
  3 scorpions
  6 killer bees (D:9)
  3 jellies
  A hound (D:6)
  A gnoll shaman (D:6)
  Ijyb (D:3)
  Natasha (thrice) (D:3)
  2 iguanas
  2 orc wizards (D:5)
  12 gnolls
  6 adders
  3 white imps
  An ufetubus (D:5)
  A worm (D:2)
  3 dart slugs
  14 orcs
  7 ball pythons
  5 endoplasms
  5 giant cockroaches
  7 hobgoblins
  6 jackals (D:1)
  6 quokkas
  2 ball python skeletons (D:2)
  A ball python zombie (D:2)
  8 bats
  2 frilled lizards
  3 goblins
  11 kobolds
  7 rats
152 creatures vanquished.

Vanquished Creatures (collateral kills)
  A gnoll shaman (D:5)
  2 gnolls (D:5)
3 creatures vanquished.

Vanquished Creatures (others)
  3 plants (D:8)
  A withered plant (D:2)
4 creatures vanquished.

Grand Total: 159 creatures vanquished

Notes
Turn   | Place    | Note
-------+----------+-------------------------------------------
     0 | D:1      | enile the Djinni Ice Elementalist began the quest for the
                  | Orb.
     0 | D:1      | Reached XP level 1. HP: 15/15 MP: 0/0
   226 | D:1      | Reached skill level 1 in Fighting
   237 | D:1      | Reached XP level 2. HP: 5/22 MP: 0/0
  1034 | D:1      | Reached XP level 3. HP: 25/29 MP: 0/0
  1034 | D:1      | Learned a level 1 spell: Apportation
  2438 | D:2      | Reached XP level 4. HP: 32/35 MP: 0/0
  2495 | D:2      | Found a faded altar of an unknown god.
  2714 | D:2      | Prayed at the altar of an unknown god.
  2714 | D:2      | Became a worshipper of Makhleb the Destroyer
  2714 | D:2      | Reached * piety under Makhleb
  2740 | D:3      | Noticed Ijyb
  2887 | D:3      | Paralysed by Ijyb for 3 turns
  2891 | D:3      | Killed Ijyb
  3288 | D:3      | Reached skill level 1 in Invocations
  3288 | D:3      | Reached XP level 5. HP: 39/41 MP: 0/0
  3288 | D:3      | Learned a level 2 spell: Wereblood
  3370 | D:3      | Noticed Natasha
  3377 | D:3      | Killed Natasha
  3419 | D:3      | Noticed an ogre
  3530 | D:3      | Noticed Natasha
  3537 | D:3      | Killed Natasha
  3546 | D:3      | Killed an ogre
  3547 | D:3      | Reached skill level 1 in Long Blades
  3547 | D:3      | Reached XP level 6. HP: 28/47 MP: 0/0
  3815 | D:3      | Noticed Natasha
  3821 | D:3      | Killed Natasha
  3950 | D:3      | Noticed Grinder
  3952 | D:3      | Paralysed by Grinder for 2 turns
  4422 | D:4      | Reached XP level 7. HP: 36/52 MP: 0/0
  4422 | D:4      | Learned a level 3 spell: Inner Flame
  4536 | D:4      | Reached skill level 4 in Spellcasting
  4796 | D:4      | Identified the +1 scale mail of the Dungeon {rF+ rC+ rN+}
  5414 | D:5      | Entered Level 5 of the Dungeon
  5982 | D:5      | Gained mutation: You occasionally shout uncontrollably at
                  | your foes. [potion of mutation]
  5982 | D:5      | Gained mutation: Your mind is acute. (Int +2) [potion of
                  | mutation]
  5998 | D:5      | Reached ** piety under Makhleb
  6243 | D:5      | Reached skill level 5 in Spellcasting
  6243 | D:5      | Reached XP level 8. HP: 57/58 MP: 0/0
  6355 | D:5      | Found a staircase to the Ecumenical Temple.
  6636 | D:6      | Noticed Pikel
  6642 | D:6      | Killed Pikel
  6643 | D:6      | Reached skill level 6 in Spellcasting
  6777 | D:6      | Reached skill level 5 in Invocations
  6907 | D:6      | Reached XP level 9. HP: 54/62 MP: 0/0
  6907 | D:6      | Learned a level 3 spell: Lesser Beckoning
  7575 | D:6      | Noticed Menkaure
  8242 | D:6      | Reached skill level 5 in Dodging
  8371 | D:6      | Killed Menkaure
  9470 | D:7      | Reached skill level 7 in Spellcasting
  9797 | D:8      | Found a broken altar of Ashenzari.
 10386 | D:9      | Reached skill level 8 in Spellcasting
 10530 | D:9      | Reached XP level 10. HP: 55/69 MP: 0/0
 10625 | D:8      | Reached *** piety under Makhleb
 10626 | D:8      | Reached skill level 5 in Fighting
 10948 | D:8      | Demolished by a swamp worm

Illustrated notes

Levels and vault maps discovered:
D:1:      dpeg_arrival_rhombus, layout_basic
D:2:      layout_rooms, shapermc_ecumenical_altar_pompeii, serial_undead,
          serial_undead_b, serial_undead_d, serial_undead_a, serial_undead_d
D:3:      layout_basic, nicolae_underground_beach, uniq_ijyb, uniq_natasha,
          uniq_grinder
D:4:      layout_layer_cave, minmay_cut_off
D:5:      layout_cave_pools, minmay_temple_entry_large_hall,
          kennysheep_generic_room_11
D:6:      layout_loops_corners, uniq_pikel, uniq_menkaure
D:7:      layout_cave_pools, serial_glass, glass_columns_b, glass_columns_c,
          glass_columns_c, glass_columns_b, glass_columns_a, glass_columns_a,
          glass_columns_b, glass_columns_c, item_on_display_a,
          minmay_strange_pillars, due_unseen_surprise
D:8:      layout_basic, cheibrodos_ashenzari_chains, special_room
          [special_room_orc], worms_lemuel
D:9:      layout_basic, pf_guarded_unrand_meek

Skill      XL: |  1  2  3  4  5  6  7  8  9 10 |
---------------+-------------------------------+-----
Fighting       | 1 2 3 4 5 |  5.3
Invocations    | 1 3 5 |  5.0
Long Blades    | 1 2 3 |  3.0
Dodging        | 3 5 |  5.0
Spellcasting   | 5 6 8 |  8.0
Stealth        | |  1.5

Action                   |  1- 3 |  4- 6 |  7- 9 | 10-12 || total
-------------------------+-------+-------+-------+-------++-------
Melee: Unarmed           |     5 |       |       |       ||     5
       Flail             |     6 |     2 |       |       ||     8
       Dagger            |     1 |       |       |       ||     1
       Triple sword      |       |    42 |    83 |     4 ||   129
Throw: Throwing net      |       |       |     1 |       ||     1
 Cast: Freeze            |    66 |    18 |    25 |       ||   109
       Frozen Ramparts   |     1 |     7 |     9 |       ||    17
       Ozocubu's Armour  |       |     8 |     6 |       ||    14
       Hailstorm         |       |     3 |    24 |     3 ||    30
       Inner Flame       |       |       |    11 |     1 ||    12
Invok: Minor Destruction |       |       |     4 |       ||     4
       Lesser Servant of |       |       |       |     1 ||     1
Evoke: Wand              |       |     2 |       |     2 ||     4
  Use: Potion            |     2 |       |     3 |     5 ||    10
       Scroll            |     1 |     2 |    11 |       ||    14
 Stab: Sleeping          |       |       |     1 |       ||     1
       Paralysed         |       |       |       |     2 ||     2
Armor: Robe              |    20 |    12 |    17 |     1 ||    50
Dodge: Dodged            |    75 |    48 |   156 |    18 ||   297

Table legend: (Time is in decaauts)
 A = Elapsed time spent in this place.
 B = Non-inter-level travel time spent in this place.
 C = Inter-level travel time spent in this place.
 D = Time resting spent in this place.
 E = Time spent auto-exploring this place.
 F = Levels seen in this place.
 G = Mean time per level.
                   A        B        C        D        E       F      G
               +--------+--------+--------+--------+--------+-----+--------+
         Total |  11057 |  10810 |    247 |   1612 |   7814 |   9 | 1228.6 |
       Dungeon |  11057 |  10810 |    247 |   1612 |   7814 |   9 | 1228.6 |
               +--------+--------+--------+--------+--------+-----+--------+

Top non-repeatable levels by time:
     D:6: 2142 daAuts
     D:1: 1989 daAuts
     D:7: 1486 daAuts
     D:5: 1469 daAuts
     D:4: 1272 daAuts
     D:3: 1152 daAuts
     D:2: 1049 daAuts
     D:9: 326 daAuts
     D:8: 168 daAuts
